 Dungeon Crawl Stone Soup version 0.21.0-34-g9234887 (webtiles) character file.

1712 Lathuz the Basher (level 9, -3/52 HPs)
             Began as a Gargoyle Fighter on Jan 29, 2018.
             Was a Follower of Okawaru.
             Slain by a two-headed ogre
             ... wielding a +0 giant club
              (5 damage)
             ... on level 8 of the Dungeon.
             The game lasted 00:18:47 (6623 turns).

Lathuz the Basher (Gargoyle Fighter)                Turns: 6623, Time: 00:18:47

Health: -3/52      AC: 20    Str: 21    XL:     9   Next: 4%
Magic:  9/9        EV:  4    Int: 10    God:    Okawaru [*.....]
Gold:   323        SH: 11    Dex: 10    Spells: 8/8 levels left

rFire    . . .     SeeInvis .   E - +0 whip (elec)
rCold    . . .     Gourm    .   c - +0 shield
rNeg     + . .     Faith    .   G - +0 plate armour
rPois    ∞         Spirit   .   D - +0 helmet
rElec    +         Reflect  .   A - scarf {repulsion}
rCorr    .         Harm     .   (no gloves)
MR       .....                  k - +0 pair of boots
Stlth    ..........             (no amulet)
HPRegen  0.17/turn              (no ring)
MPRegen  0.11/turn              m - ring of wizardry

@: repel missiles
A: negative energy resistance 1, electricity resistance, unbreathing,
petrification resistance, rot immunity, AC +6
a: Heroism, Renounce Religion


You were on level 8 of the Dungeon.
You worshipped Okawaru.
Okawaru was aware of your devotion.
You were hungry.

You visited 2 branches of the dungeon, and saw 9 of its levels.

You collected 323 gold pieces.

Inventory:

Hand Weapons
 E - a +0 whip of electrocution (weapon)
Missiles
 j - 324 stones
 s - 12 tomahawks
 I - 3 steel tomahawks (quivered)
Armour
 c - a +0 shield (worn)
 k - a +0 pair of boots (worn)
 A - a scarf of repulsion (worn)
 D - a +0 helmet (worn)
 G - a +0 plate armour (worn)
Jewellery
 m - a ring of wizardry (right hand)
 n - an uncursed ring of ice
Scrolls
 b - 2 scrolls of blinking
 e - 5 scrolls of identify
 h - 2 scrolls of remove curse
 i - 2 scrolls of amnesia {unknown}
 l - a scroll of noise {unknown}
 p - 5 scrolls of teleportation {unknown}
 v - 2 scrolls of enchant armour {unknown}
 w - a scroll of immolation {unknown}
 x - a scroll of fog
 y - 2 scrolls of enchant weapon {unknown}
Potions
 a - 2 potions of berserk rage {unknown}
 g - 2 potions of cancellation
 o - a potion of brilliance {unknown}
 q - 2 potions of haste {unknown}
 t - a potion of flight {unknown}
 u - a potion of resistance {unknown}
 z - 2 potions of magic {unknown}
 B - a potion of curing {unknown}
 C - a potion of agility {unknown}
 F - a potion of ambrosia {unknown}
Books
 H - a book of Frost

   Spells                             Type                      Level
   a - Freeze                         Ice                          1
   b - Throw Frost                    Conjuration/Ice              2
   c - Ozocubu's Armour               Charms/Ice                   3
   d - Throw Icicle                   Conjuration/Ice              4
   e - Summon Ice Beast               Ice/Summoning                4
Comestibles
 f - 16 rations


   Skills:
 - Level 4.5 Fighting
 * Level 9.1 Maces & Flails
 - Level 3.2 Armour
 + Level 7.6 Shields


You had 8 spell levels left.
You didn't know any spells.

Dungeon Overview and Level Annotations

Branches:
Dungeon (8/15)             Temple (1/1) D:5
   Lair: D:8-11

Altars:
Ashenzari
Cheibriados
Dithmenos
Elyvilon
Fedhas
Gozag
Hepliaklqana
Kikubaaqudgha
Makhleb
Nemelex Xobeh
Okawaru
Qazlal
Ru
Sif Muna
Trog
Uskayaw
Vehumet
Wu Jian
Xom
Yredelemnul
Zin
The Shining One


Innate Abilities, Weirdness & Mutations

You are resistant to torment.
Your stone body is resilient. (AC +6)
You are immune to poison.
You resist negative energy. (rN+)
You are resistant to electric shocks. (rElec)
You can survive without breathing.
You are immune to petrification.
You are immune to rotting.


Message History

You hit the two-headed ogre but do no damage.
The two-headed ogre is heavily wounded.
You block the two-headed ogre's attack.
The two-headed ogre hits you with a giant spiked club!
* * * LOW HITPOINT WARNING * * *
You closely miss the two-headed ogre.
The two-headed ogre is heavily wounded.
You hit the two-headed ogre but do no damage.
The two-headed ogre is heavily wounded.
The two-headed ogre hits you with a giant club.
* * * LOW HITPOINT WARNING * * *
The two-headed ogre hits you but does no damage.
You hit the two-headed ogre but do no damage.
The two-headed ogre is heavily wounded.
Your plate armour prevents you from hitting the two-headed ogre.
The two-headed ogre is heavily wounded.
The two-headed ogre hits you with a giant club.
* * * LOW HITPOINT WARNING * * *
The two-headed ogre hits you with a giant spiked club.
You die...

####>.............
#.........#####...
#.#########
#.#######
#.......#
#.......#
##......# #....^.#
####@### #ZO.#
#####'###
#.......#
#......?#
#.......+
#(......#
#.......#
#...[...#


You could see a two-headed ogre and a bullfrog skeleton.

Vanquished Creatures
  A hippogriff (D:7)
  2 ice beasts (D:7)
  A centaur (D:7)
  2 ogres
  A big kobold (D:7)
  Blork the orc (D:5)
  2 bullfrogs (D:6)
  A scorpion (D:3)
  2 electric eels (D:7)
  2 howler monkeys
  A crimson imp (D:7)
  2 jellies
  2 hounds
  An orc wizard (D:5)
  A bullfrog skeleton (D:4)
  A centaur skeleton (D:4)
  2 iguanas (D:5)
  5 worker ants
  A hound zombie (D:7)
  A worker ant zombie (D:7)
  7 adders
  A shadow imp (D:7)
  An ooze (D:2)
  An adder zombie (D:6)
  An adder skeleton (D:7)
  4 worms
  A dart slug (D:1)
  5 leopard geckos
  12 orcs
  7 bats
  7 giant cockroaches
  8 goblins
  4 hobgoblins
  8 jackals (D:1)
  A quokka (D:4)
  2 frilled lizards
  A jackal skeleton (D:5)
  8 kobolds
  A leopard gecko skeleton (D:4)
  A quokka skeleton (D:4)
  16 rats
  A butterfly (D:5)
130 creatures vanquished.

Notes
Turn   | Place    | Note
-------+----------+-------------------------------------------
     0 | D:1      | Lathuz the Gargoyle Fighter began the quest for the Orb.
     0 | D:1      | Reached XP level 1. HP: 14/14 MP: 1/1
    23 | D:1      | Reached XP level 2. HP: 15/19 MP: 2/2
   400 | D:1      | Reached XP level 3. HP: 16/23 MP: 3/3
   956 | D:2      | Reached skill level 3 in Maces & Flails
  1144 | D:2      | Reached XP level 4. HP: 27/29 MP: 4/4
  1842 | D:3      | Reached skill level 4 in Maces & Flails
  1842 | D:3      | Reached XP level 5. HP: 15/33 MP: 5/5
  2268 | D:3      | Found an ornate altar of the Wu Jian Council.
  2833 | D:4      | Reached XP level 6. HP: 39/39 MP: 6/6
  3006 | D:4      | Found a white marble altar of Elyvilon.
  3136 | D:4      | Reached skill level 5 in Maces & Flails
  3252 | D:5      | Entered Level 5 of the Dungeon
  3275 | D:5      | Reached skill level 5 in Shields
  3288 | D:5      | Reached XP level 7. HP: 20/44 MP: 7/7
  3528 | D:5      | Found a staircase to the Ecumenical Temple.
  3537 | Temple   | Entered the Ecumenical Temple
  3680 | D:5      | Noticed Blork the orc
  3694 | D:5      | Killed Blork the orc
  3694 | D:5      | Reached skill level 6 in Maces & Flails
  3985 | D:5      | Found a basalt altar of Yredelemnul.
  4457 | D:6      | Found an iron altar of Okawaru.
  4463 | D:6      | Became a worshipper of Warmaster Okawaru
  4912 | D:6      | Reached skill level 7 in Maces & Flails
  4912 | D:6      | Reached XP level 8. HP: 48/48 MP: 8/8
  5465 | D:7      | Noticed a hippogriff
  5501 | D:7      | Killed a hippogriff
  5501 | D:7      | Reached * piety under Okawaru
  5501 | D:7      | Reached skill level 8 in Maces & Flails
  6354 | D:7      | Reached skill level 9 in Maces & Flails
  6354 | D:7      | Reached XP level 9. HP: 49/52 MP: 9/9
  6602 | D:8      | Noticed a two-headed ogre
  6623 | D:8      | HP: 2/52 [two-headed ogre/giant club (5)]
  6623 | D:8      | Slain by a two-headed ogre

Skill      XL: |  1  2  3  4  5  6  7  8 |
---------------+-------------------------+-----
Maces & Flails | 3 4 5 7 9 |  9.1
Shields        | 4 5 6 7 |  7.6
Fighting       | 4 |  4.5
Armour         | |  3.2

Action                   |  1- 3 |  4- 6 |  7- 9 || total
-------------------------+-------+-------+-------++-------
Melee: Flail             |   132 |   151 |       ||   283
       Whip              |       |    76 |   265 ||   341
Throw: Stone             |    20 |    21 |     1 ||    42
       Tomahawk          |       |    18 |    12 ||    30
  Use: Scroll            |       |     4 |     2 ||     6
       Potion            |       |       |     1 ||     1
  Eat: Chunk             |     1 |     7 |     7 ||    15
       Ration            |       |       |     1 ||     1
Armor: Scale mail        |    19 |       |       ||    19
       Chain mail        |    92 |   127 |    17 ||   236
       Plate armour      |       |       |    73 ||    73
Dodge: Dodged            |    47 |    51 |    31 ||   129
       Deflected         |       |     2 |     4 ||     6
Block: Shield            |   102 |   120 |    69 ||   291
